 Dungeon Crawl Stone Soup version 0.22.1-1-ga44c0e5 (webtiles) character file.

283 Iscandelvey the Magician (level 5, -1/38 HPs)
             Began as a Demigod Wizard on Oct 2, 2018.
             Killed from afar by Blork the orc (10 damage)
             ... with a puff of flame
             ... on level 5 of the Dungeon.
             The game lasted 00:20:18 (5338 turns).

Iscandelvey the Magician (Demigod Wizard)           Turns: 5338, Time: 00:20:18

Health: -1/38      AC:  3    Str: 10    XL:     5   Next: 78%
Magic:  15/15      EV: 13    Int: 24    God:
Gold:   243        SH:  0    Dex: 14    Spells: 2/13 levels left

rFire    . . .     SeeInvis +   t - +4 hand axe "Cookie Cutter" {flame, SInv}
rCold    . . .     Gourm    .   (no shield)
rNeg     . . .     Faith    .   a - +0 robe
rPois    .         Spirit   .   b - +0 hat
rElec    .         Reflect  .   (no cloak)
rCorr    .         Harm     .   r - +0 pair of gloves
MR       .....                  (no boots)
Stlth    ++........             (no amulet)
HPRegen  0.12/turn              (no ring)
MPRegen  0.14/turn              (no ring)

@: no status effects
A: high mp 1
a: no special abilities


You were on level 5 of the Dungeon.
You were near starving.

You visited 1 branch of the dungeon, and saw 5 of its levels.

You collected 243 gold pieces.

Inventory:

Hand Weapons
 g - a +0 dagger
 t - the +4 hand axe "Cookie Cutter" (weapon) {flame, SInv}
   (You found it on level 4 of the Dungeon)

   It has been specially enchanted to burn those struck by it, causing extra
   injury to most foes and up to half again as much damage against particularly
   susceptible opponents.
   Big, fiery blades are also staple armaments of hydra-hunters.
   It lets you see invisible.
Armour
 a - a +0 robe (worn)
 b - a +0 hat (worn)
 r - a +0 pair of gloves (worn)
Wands
 q - a wand of flame (24)
Scrolls
 c - 2 scrolls of amnesia {unknown}
 e - 2 scrolls of immolation {unknown}
 h - 3 scrolls of remove curse {unknown}
 l - a scroll of fear {unknown}
 m - 3 scrolls of identify {unknown}
 p - a scroll of random uselessness {unknown}
 s - a scroll of fog {unknown}
Potions
 f - 2 potions of heal wounds {unknown}
 i - a potion of flight {unknown}
 j - a potion of agility {unknown}
 k - 2 potions of brilliance {unknown}
 n - 2 potions of curing
 o - a potion of mutation {unknown}
Comestibles
 d - 6 rations


   Skills:
 + Level 2.4 Dodging
 + Level 2.7 Stealth
 * Level 4.5 Spellcasting
 * Level 2.7 Conjurations
 + Level 0.8 Summonings
 + Level 1.0 Translocations


You had 2 spell levels left.
You knew the following spells:

 Your Spells              Type           Power        Failure   Level  Hunger
a - Magic Dart            Conj           ###.         3%          1    None
b - Blink                 Tloc           N/A          10%         2    None
c - Call Imp              Summ           #.......     10%         2    None
d - Conjure Flame         Conj/Fire      ##......     16%         3    ##.....
e - Mephitic Cloud        Conj/Pois/Air  #.......     19%         3    ##.....

Your spell library contained the following spells:

 Spells                   Type           Power        Failure   Level  Hunger
 Slow                     Hex            #.......     14%         2    None


Dungeon Overview and Level Annotations

Branches:
Dungeon (5/15)             Temple (0/1) D:4

Annotations:
D:5 Blork the orc, Sigmund


Innate Abilities, Weirdness & Mutations

You have an increased reservoir of magic. (+10% MP)


Message History

Blork the orc is almost dead.
Blork the orc closely misses you.
You barely miss Blork the orc.
Blork the orc is almost dead.
Blork the orc casts a spell at you. The puff of flame hits you!
You are too injured to fight recklessly!
You are too injured to fight recklessly!
You are too injured to fight recklessly!
You are too injured to fight recklessly!
You hit Blork the orc. You burn Blork the orc.
Blork the orc is almost dead.
Blork the orc hits you with a short sword.
Blork the orc points at you and mumbles some strange words.
The magic dart hits you!
* * * LOW HITPOINT WARNING * * *
There is a stone staircase leading up here.
Blork the orc casts a spell at you. The puff of flame hits you!
You die...

###...##.#....#
##..# #....#
#....# #....#
####### #@oY..#
#####.#


You could see Blork the orc and an ice beast.

Vanquished Creatures
  An ogre (D:4)
  A crimson imp (D:3)
  A hound (D:4)
  A worker ant (D:4)
  2 adders (D:2)
  2 oozes (D:2)
  3 worms
  2 dart slugs
  7 orcs
  2 giant cockroaches (D:1)
  11 goblins
  7 hobgoblins
  2 jackals
  5 kobolds
  2 quokkas
  9 bats
  4 frilled lizards
  6 rats
68 creatures vanquished.

Vanquished Creatures (others)
  5 fungi (D:4)
  3 plants (D:4)
8 creatures vanquished.

Grand Total: 76 creatures vanquished

Notes
Turn   | Place    | Note
-------+----------+-------------------------------------------
     0 | D:1      | Iscandelvey the Demigod Wizard began the quest for the Orb.
     0 | D:1      | Reached XP level 1. HP: 14/14 MP: 6/6
   146 | D:1      | Reached skill level 3 in Spellcasting
   610 | D:1      | Reached XP level 2. HP: 14/20 MP: 5/8
   709 | D:1      | Learned a level 2 spell: Blink
   712 | D:1      | Learned a level 2 spell: Call Imp
  1338 | D:2      | Reached skill level 1 in Conjurations
  1490 | D:2      | Found a shattered altar of Ashenzari.
  1594 | D:2      | Reached XP level 3. HP: 21/26 MP: 4/10
  3045 | D:3      | Reached XP level 4. HP: 16/33 MP: 2/12
  3175 | D:3      | Found an iron altar of Okawaru.
  3657 | D:3      | Found a sacrificial altar of Ru.
  4130 | D:4      | Found a blossoming altar of Fedhas.
  4165 | D:4      | Found an iron altar of Okawaru.
  4169 | D:4      | Reached skill level 4 in Spellcasting
  4173 | D:4      | Noticed an ogre
  4362 | D:4      | Reached XP level 5. HP: 37/38 MP: 12/14
  4484 | D:4      | Found a staircase to the Ecumenical Temple.
  4527 | D:4      | Found a hide-covered altar of Uskayaw.
  4565 | D:4      | Found a hazy altar of Hepliaklqana.
  4595 | D:4      | Found a radiant altar of Vehumet.
  4653 | D:4      | Learned a level 3 spell: Conjure Flame
  4915 | D:4      | Killed an ogre
  4915 | D:4      | Reached skill level 1 in Translocations
  5113 | D:5      | Entered Level 5 of the Dungeon
  5211 | D:5      | Noticed Sigmund
  5222 | D:4      | Learned a level 3 spell: Mephitic Cloud
  5249 | D:4      | Got a smoking hand axe
  5250 | D:4      | Identified the +4 hand axe "Cookie Cutter" {flame, SInv}
                  | (You found it on level 4 of the Dungeon)
  5323 | D:5      | Noticed Blork the orc
  5323 | D:5      | Noticed an ice beast
  5338 | D:5      | Killed from afar by Blork the orc

Skill      XL: |  1  2  3  4  5 |
---------------+----------------+-----
Spellcasting   | 3 4 |  4.5
Conjurations   | 1 2 |  2.7
Dodging        | 2 |  2.4
Stealth        | 2 |  2.7
Translocations | 1 |  1.0
Summonings     | |  0.8

Action                   |  1- 3 |  4- 6 || total
-------------------------+-------+-------++-------
Melee: Dagger            |   118 |    28 ||   146
       Unarmed           |     3 |       ||     3
       Hand axe          |       |    12 ||    12
 Cast: Magic Dart        |   115 |    87 ||   202
       Blink             |       |     2 ||     2
       Conjure Flame     |       |     2 ||     2
 Stab: Sleeping          |     7 |     1 ||     8
  Eat: Chunk             |     6 |     6 ||    12
Armor: Robe              |    22 |    15 ||    37
Dodge: Dodged            |    82 |    71 ||   153
